 Dungeon Crawl Stone Soup version 0.23-a0-436-g57debff (webtiles) character file.

13205 Woof the Arsonist (level 11, -9/80 HPs)
             Began as a Demonspawn Fire Elementalist on Nov 16, 2018.
             Was an Elder of Makhleb.
             Killed from afar by a tengu reaver (43 damage)
             ... with a bolt of magma
             ... on level 10 of the Dungeon.
             The game lasted 01:12:39 (17747 turns).

Woof the Arsonist (Demonspawn Fire Elementalist)   Turns: 17747, Time: 01:12:41

Health: -9/80      AC:  9    Str:  9    XL:     11   Next: 72%
Magic:  0/28       EV: 10    Int: 20    God:    Makhleb [****..]
Gold:   60         SH:  0    Dex: 13    Spells: 4/21 levels left

rFire    . . .     SeeInvis .   P - +5 halberd (elec)
rCold    + . .     Gourm    .   (shield currently unavailable)
rNeg     . . .     Faith    .   E - +0 ring mail
rPois    .         Spirit   +   (helmet restricted)
rElec    .         Reflect  .   a - +0 cloak (curse)
rCorr    .         Harm     .   (no gloves)
MR       .....                  A - +0 pair of boots {run}
Stlth    +.........             (no amulet)
HPRegen  0.23/turn              o - ring of magical power
MPRegen  0.42/turn              f - ring of protection from cold

@: quick
A: horns 2, spiny 2, magic shield, magic regeneration
a: Minor Destruction, Lesser Servant of Makhleb, Major Destruction, Renounce
Religion


You were on level 10 of the Dungeon.
You worshipped Makhleb.
Makhleb was greatly pleased with you.
You were not hungry.

You visited 2 branches of the dungeon, and saw 12 of its levels.
You also visited: Bailey.

You collected 532 gold pieces.
You spent 472 gold pieces at shops.

Inventory:

Hand Weapons
 C - a +4 halberd
 P - a +5 halberd of electrocution (weapon)
Missiles
 k - 266 stones (quivered)
 m - 85 poisoned needles
 w - a tomahawk
 K - 65 tomahawks of returning
Armour
 a - a cursed +0 cloak (worn)
 A - a +0 pair of boots of running (worn)
 E - a +0 ring mail (worn)
Jewellery
 f - a ring of protection from cold (right hand)
 h - an uncursed ring of protection from magic
 o - a ring of magical power (left hand)
 H - an uncursed ring of flight
 J - an uncursed ring of resist corrosion
Wands
 p - a wand of digging (1)
 I - a wand of iceblast (6)
Scrolls
 d - 6 scrolls of remove curse
 l - a scroll of summoning
 q - 2 scrolls of fog {unknown}
 r - 2 scrolls of enchant armour {unknown}
 t - 3 scrolls of teleportation
 v - 4 scrolls of magic mapping
 x - 3 scrolls of amnesia
 y - 2 scrolls of blinking
Potions
 b - 6 potions of curing
 e - a potion of agility
 g - a potion of ambrosia
 i - 2 potions of magic {unknown}
 j - 3 potions of lignification {unknown}
 n - a potion of brilliance {unknown}
 s - 2 potions of flight {unknown}
 D - 2 potions of might {unknown}
 G - a potion of berserk rage {unknown}
 M - 6 potions of mutation {unknown}
Comestibles
 c - 14 rations


   Skills:
 - Level 5.5 Fighting
   Level 0.6 Long Blades
 + Level 5.3 Polearms
 - Level 8.5 Armour
 - Level 1.7 Dodging
 - Level 1.7 Stealth
 + Level 5.9 Spellcasting
 - Level 8.3 Conjurations
 * Level 2.5 Necromancy
 * Level 8.9 Fire Magic
 - Level 4.0 Invocations
 - Level 0.3 Evocations


You had 4 spell levels left.
You knew the following spells:

 Your Spells              Type           Power        Failure   Level  Hunger
a - Flame Tongue          Conj/Fire      #####        1%          1    None
b - Conjure Flame         Conj/Fire      #####...     2%          3    ##.....
c - Sticky Flame          Conj/Fire      #####...     7%          4    ####...
d - Fireball              Conj/Fire      #####.....   21%         5    #####..
e - Shock                 Conj/Air       ###.         4%          1    None
f - Animate Skeleton      Necr           N/A          9%          1    None
g - Sublimation of Blood  Necr           ###.......   13%         2    None

Your spell library contained the following spells:

 Spells                   Type           Power        Failure   Level  Hunger
 Throw Flame              Conj/Fire      #####.       1%          2    None
 Inner Flame              Hex/Fire       ###.....     12%         3    ##.....
 Static Discharge         Conj/Air       ###.....     14%         3    ##.....
 Ignite Poison            Fire/Tmut/Pois ###.....     22%         3    ##.....
 Apportation              Tloc           #.....       26%         1    None
 Confusing Touch          Hex            #.....       26%         1    None
 Corona                   Hex            #......      26%         1    None
 Infusion                 Chrm           #...         26%         1    None
 Summon Small Mammal      Summ           #...         26%         1    None
 Shroud of Golubria       Chrm/Tloc      #.........   36%         2    None
 Slow                     Hex            #.......     36%         2    None
 Song of Slaying          Chrm           #.......     36%         2    None
 Swiftness                Chrm/Air       #.......     36%         2    None
 Regeneration             Chrm/Necr      ##........   41%         3    ##.....
 Portal Projectile        Hex/Tloc       #.....       58%         3    ##.....
 Spectral Weapon          Hex/Chrm       #.......     58%         3    ##.....
 Airstrike                Air            #.........   94%         4    ####...
 Cause Fear               Hex            #.........   94%         4    ####...
 Leda's Liquefaction      Hex/Erth       #.........   94%         4    ####...
 Petrify                  Tmut/Erth      #.......     94%         4    ####...
 Bolt of Magma            Conj/Fire/Erth ####......   54%         5    #####..
 Irradiate                Conj/Tmut      ###.......   77%         5    #####..
 Lightning Bolt           Conj/Air       ###.......   77%         5    #####..
 Alistair's Intoxication  Tmut/Pois      #.......     100%        5    #####..
 Iron Shot                Conj/Erth      ###.......   100%        6    #######
 Statue Form              Tmut/Erth      #........    100%        6    #######
 Shatter                  Erth           #.........   100%        9    #######


Dungeon Overview and Level Annotations

Branches:
Dungeon (11/15)            Temple (1/1) D:6            Lair (0/6) D:8
    Orc: D:9-12

Altars:
Ashenzari
Cheibriados
Dithmenos
Elyvilon
Fedhas
Gozag
Hepliaklqana
Kikubaaqudgha
Makhleb
Nemelex Xobeh
Okawaru
Qazlal
Ru
Sif Muna
Trog
Uskayaw
Vehumet
Xom
Yredelemnul
Zin
The Shining One

Shops:
D:11 [

Annotations:
D:6 2 runed doors, namelastname112's ghost, novice DrWn
D:10 exclusion: downstairs
D:11 3 runed doors


Innate Abilities, Weirdness & Mutations

You have a pair of horns on your head.
You are mostly covered in sharp spines.
When hurt, damage is shared between your health and your magic reserves.
You regenerate magic rapidly.


Message History

The tengu reaver is engulfed in blazing flames.
The tengu reaver hits you with a +1 battleaxe of pain.
You writhe in agony.
The tengu reaver closely misses you.
The tengu reaver claws you but does no damage.
You hit the tengu reaver.
The tengu reaver is severely wounded.
The tengu reaver burns!
Casting: Sticky Flame (safe; 7% risk of failure)
Confirm with . or Enter, or press ? or * to list all spells.
Aiming: Sticky Flame (safe; 7% risk of failure)
Press: ? - help, Shift-Dir - straight line, f/p - tengu reaver
Aim: a tengu reaver, wielding a +1 battleaxe of pain and wearing a +0 scale The sticky flame hits the tengu reaver.
The tengu reaver is almost dead.
The tengu reaver is covered in liquid flames!
The tengu reaver burns!
The tengu reaver casts a spell at you. The bolt of magma hits you!
Ouch! That really hurt!
You die...

.........'...'.........>#
#.#
##..######...########.#.#
#.# #..###############
#.#.# #.#
#................#
#.#.###.#
#..#############.#
#.#.....#
##..#######.#####.#
#.#######
..................# #.#
#####################.# #
...oYlQ@...#.# #
...ooY#....#.# # ....*
#....#.# # .... #....#.#
# ... #....#.# # ..
#....#.# # . #....#.# #
#....#.# # #...)#.#


You could see a tengu reaver (burning), 2 yaks, an iguana, a battlesphere and 3
orcs.

Vanquished Creatures
  A centaur warrior (D:10)
  An unseen horror (D:10)
  A phantasmal warrior (D:10)
  Pikel (D:6)
  An orc knight (Bailey)
  3 ugly things
  A deep elf mage (D:10)
  A cyclops (D:11)
  Maurice (D:8)
  Prince Ribbit (D:7)
  A troll (D:11)
  A hornet (D:11)
  4 hippogriffs
  A shadow (D:8)
  7 yaks
  4 hogs (D:7)
  A human (D:7)
  2 hungry ghosts
  7 orc warriors
  An ice beast (D:11)
  2 phantoms
  6 centaurs
  2 ogres
  2 big kobolds (D:8)
  10 bullfrogs
  13 killer bees
  5 wights (D:6)
  A howler monkey (D:9)
  2 crimson imps
  2 centaur skeletons
  3 orc priests
  3 jellies
  13 orc wizards
  A gnoll shaman (D:6)
  2 hounds
  3 bullfrog skeletons
  6 iguanas
  7 worker ants
  A killer bee zombie (D:10)
  A worker ant zombie (D:11)
  17 gnolls
  4 adders
  3 shadow imps
  An ooze (D:3)
  An adder skeleton (D:4)
  3 worms
  6 dart slugs
  3 leopard geckos
  33 orcs
  5 ball pythons
  6 giant cockroaches
  11 goblins
  19 hobgoblins
  17 jackals
  25 kobolds
  3 quokkas
  2 ball python skeletons
  8 bats
  3 frilled lizards
  5 rats
301 creatures vanquished.

Vanquished Creatures (others)
  A slave (D:6)
  A centaur (D:6)
  A jelly (D:6)
  An adder (D:3)
  A leopard gecko (D:3)
  4 orcs (D:6)
  6 bushes (D:10)
15 creatures vanquished.

Grand Total: 316 creatures vanquished

Notes
Turn   | Place    | Note
-------+----------+-------------------------------------------
     0 | D:1      | Woof the Demonspawn Fire Elementalist began the quest for
                  | the Orb.
     0 | D:1      | Reached XP level 1. HP: 13/13 MP: 3/3
   374 | D:1      | Gained mutation: You have a pair of small horns on your
                  | head. [demonic ancestry]
   374 | D:1      | Reached XP level 2. HP: 17/19 MP: 0/5
  1115 | D:1      | Reached XP level 3. HP: 24/24 MP: 3/6
  1124 | D:1      | Learned a level 3 spell: Conjure Flame
  2365 | D:2      | Gained mutation: You are partially covered in sharp spines.
                  | [demonic ancestry]
  2365 | D:2      | Reached XP level 4. HP: 30/30 MP: 5/8
  3100 | D:2      | Learned a level 4 spell: Sticky Flame
  3472 | D:3      | Found an iron altar of Okawaru.
  4337 | D:4      | Found a white marble altar of Elyvilon.
  4416 | D:4      | Found a blossoming altar of Fedhas.
  4446 | D:4      | Noticed an ogre
  4637 | D:4      | Reached XP level 5. HP: 29/36 MP: 9/9
  5321 | D:4      | Found a radiant altar of Vehumet.
  5321 | D:4      | Found a sacrificial altar of Ru.
  5354 | D:4      | Noticed an orc warrior
  5400 | D:5      | Entered Level 5 of the Dungeon
  5443 | D:5      | Noticed a centaur
  5456 | D:5      | Killed a centaur
  5456 | D:5      | Reached skill level 1 in Armour
  5607 | D:5      | Reached XP level 6. HP: 34/42 MP: 10/10
  5921 | D:5      | Reached skill level 1 in Fighting
  6735 | D:6      | Reached XP level 7. HP: 48/48 MP: 11/11
  6905 | D:6      | Reached skill level 5 in Fire Magic
  6991 | D:6      | Noticed Pikel
  7005 | D:6      | Killed Pikel
  7005 | D:6      | Reached skill level 5 in Conjurations
  7005 | D:6      | Gained mutation: When hurt, damage is shared between your
                  | health and your magic reserves. [demonic ancestry]
  7005 | D:6      | Reached XP level 8. HP: 57/57 MP: 9/12
  7176 | D:6      | Found a runed door.
  7182 | D:6      | Noticed namelastname112's ghost (novice DrWn)
  7362 | D:6      | Found a staircase to the Ecumenical Temple.
  7371 | Temple   | Entered the Ecumenical Temple
  8329 | D:6      | Found a runed door.
  8590 | D:7      | Found a deep blue altar of Sif Muna.
  8732 | D:7      | Found a burning altar of Makhleb.
  8732 | D:7      | Noticed a blizzard demon
  8736 | D:7      | Noticed a hellwing
  8736 | D:7      | Noticed an orange demon
  8738 | D:7      | Became a worshipper of Makhleb the Destroyer
  8748 | D:7      | You fall through a shaft for 2 floors!
  8767 | D:9      | Reached skill level 5 in Armour
  8784 | D:9      | Gained mutation: You have a pair of horns on your head.
                  | [demonic ancestry]
  8784 | D:9      | Reached XP level 9. HP: 56/63 MP: 7/13
  8925 | D:8      | Found the +3 giant club "Skullcrusher" {speed, Str+7}
  9029 | D:9      | Noticed a purple ugly thing
  9041 | D:9      | Killed a purple ugly thing
  9415 | D:8      | Noticed Maurice
  9500 | D:9      | Found a shattered altar of Ashenzari.
 10261 | D:8      | Learned a level 5 spell: Fireball
 10263 | D:8      | Learned a level 1 spell: Shock
 10723 | D:7      | Reached * piety under Makhleb
 10742 | D:7      | Gained mutation: You are mostly covered in sharp spines.
                  | [demonic ancestry]
 10742 | D:7      | Reached XP level 10. HP: 57/72 MP: 8/14
 10952 | D:7      | Noticed Prince Ribbit
 10959 | D:7      | Killed Prince Ribbit
 11038 | D:7      | Found a hide-covered altar of Uskayaw.
 11582 | D:8      | Killed Maurice
 11699 | D:8      | Learned a level 1 spell: Animate Skeleton
 11878 | D:8      | Reached ** piety under Makhleb
 12286 | D:8      | Found a staircase to the Lair.
 12393 | D:8      | Identified the +2 leather armour of Insurance {+Fly rElec
                  | rF+ Int+2}
 13075 | D:3      | Found an iron altar of Okawaru.
 13581 | D:10     | Entered Level 10 of the Dungeon
 13640 | D:10     | Found a flagged portal.
 13822 | Bailey   | Entered a bailey
 14191 | Bailey   | Noticed an orc knight
 14205 | Bailey   | Killed an orc knight
 14205 | Bailey   | Reached skill level 5 in Fighting
 14205 | Bailey   | Reached skill level 1 in Polearms
 14999 | D:11     | Noticed a red ugly thing
 15015 | D:10     | Killed a red ugly thing
 15591 | D:11     | Reached *** piety under Makhleb
 15648 | D:11     | Gained mutation: You regenerate magic rapidly. [demonic
                  | ancestry]
 15648 | D:11     | Reached XP level 11. HP: 80/80 MP: 16/17
 15675 | D:11     | Reached skill level 1 in Invocations
 15734 | D:11     | Noticed a purple ugly thing
 15746 | D:11     | Killed a purple ugly thing
 16664 | D:11     | Found a runed gate.
 16664 | D:11     | Found a runed gate.
 16664 | D:11     | Found a runed gate.
 16738 | D:11     | Found a sacrificial altar of Ru.
 16840 | D:11     | Reached skill level 5 in Spellcasting
 16899 | D:11     | Found Vuoczing's Armour Boutique.
 16907 | D:11     | Bought a +0 pair of boots of running for 472 gold pieces
 16932 | D:11     | Identified a scroll of acquirement
 16937 | D:11     | Learned a level 2 spell: Sublimation of Blood
 17160 | D:10     | Noticed a deep elf mage
 17198 | D:10     | Killed a deep elf mage
 17198 | D:10     | Reached skill level 1 in Necromancy
 17256 | D:10     | Reached **** piety under Makhleb
 17286 | D:10     | Noticed a phantasmal warrior
 17305 | D:10     | Killed a phantasmal warrior
 17690 | D:10     | Noticed a centaur warrior
 17715 | D:10     | Killed a centaur warrior
 17715 | D:10     | Reached skill level 5 in Polearms
 17730 | D:10     | Killed an unseen horror
 17732 | D:10     | Noticed a tengu reaver
 17747 | D:10     | Killed from afar by a tengu reaver

Vault maps used:
D:1:      moated_graveyard_arrival
D:2:      grunt_decor_arrowhead
D:3:      okawaru_gym_becter, nicolae_overflow_hidden_temple, first_ration,
          lemuel_flame_loot_1
D:4:      lemuel_doored_altar, elyvilon_altar_5,
          gammafunk_temple_overflow_elements
D:6:      lemuel_temple_firewalk_a, ebering_ghost_sewer_f, uniq_pikel
D:7:      lemuel_blue_sif_altar, makhleb_altar_promises_db, kennysheep_mini,
          grunt_livestock, minmay_misc_feat_diagonals,
          wad_floor_pattern_untrapped, uniq_prince_ribbit1
D:8:      lair_entry_dummy, uniq_maurice
D:9:      ashenzari_altar_1
D:10:     minmay_klotski, enter_bailey_3
D:11:     serial_shops, shop, gammafunk_ghost_spectres, hangedman_ru_absence
Temple:   oiseaux_autumnal_temple
Bailey:   bailey_axe_2, bailey

Skill      XL: |  1  2  3  4  5  6  7  8  9 10 11 |
---------------+----------------------------------+-----
Fire Magic     | 3 4 5 6 7 8 |  8.9
Conjurations   | 2 3 4 5 6 7 8 |  8.3
Spellcasting   | 3 4 5 |  5.9
Armour         | 1 2 4 5 7 8 |  8.5
Fighting       | 1 2 3 4 5 |  5.5
Polearms       | 3 5 |  5.3
Invocations    | 4 |  4.0
Necromancy     | 2 |  2.5
Long Blades    | |  0.6
Dodging        | |  1.7
Stealth        | |  1.7
Evocations     | |  0.3

Action                   |  1- 3 |  4- 6 |  7- 9 | 10-12 || total
-------------------------+-------+-------+-------+-------++-------
Melee: Dagger            |    19 |     9 |       |       ||    28
       Headbutt          |     2 |     2 |     3 |     9 ||    16
       Trident           |       |    61 |       |       ||    61
       Halberd           |       |       |    49 |   248 ||   297
Throw: Stone             |       |     5 |     7 |       ||    12
 Cast: Flame Tongue      |    81 |   103 |   151 |   235 ||   570
       Conjure Flame     |       |     2 |    11 |    24 ||    37
       Sticky Flame      |       |       |     3 |    29 ||    32
       Animate Skeleton  |       |       |       |    13 ||    13
Evoke: Wand              |       |       |       |     6 ||     6
  Use: Scroll            |       |     2 |       |    15 ||    17
       Potion            |       |     1 |       |     7 ||     8
 Stab: Sleeping          |       |     1 |     1 |       ||     2
       Distracted        |       |       |       |     1 ||     1
  Eat: Chunk             |     5 |    13 |    11 |    17 ||    46
       Ration            |       |       |     1 |     4 ||     5
Armor: Robe              |    14 |     7 |       |       ||    21
       Leather armour    |       |    22 |       |       ||    22
       Ring mail         |       |       |    16 |    70 ||    86
Dodge: Dodged            |    34 |    59 |    52 |   138 ||   283
       Rpst.: Scimitar   |       |       |     1 |       ||     1

Table legend:
 A = Non-vault XP
 B = Vault XP
 C = Vault XP percentage of total XP
 D = Non-vault monster count
 E = Vault monster count
 F = Vault count percentage of total count
                 A         B        C        D         E       F
            +---------+---------+-------+---------+---------+-------
      Total |   12128 |    6737 |  35.7 |     246 |      56 |  18.5
            +---------+---------+-------+---------+---------+-------
        D:1 |      60 |       0 |   0.0 |      31 |       0 |   0.0
        D:2 |      87 |       0 |   0.0 |      20 |       0 |   0.0
        D:3 |      36 |       0 |   0.0 |      15 |       0 |   0.0
        D:4 |     315 |       0 |   0.0 |      17 |       0 |   0.0
        D:5 |     345 |       0 |   0.0 |      13 |       0 |   0.0
        D:6 |     959 |     673 |  41.2 |      24 |       1 |   4.0
        D:7 |     557 |    1241 |  69.0 |       9 |       6 |  40.0
        D:8 |    1713 |     480 |  21.9 |      37 |       1 |   2.6
        D:9 |    1866 |       0 |   0.0 |      12 |       0 |   0.0
       D:10 |    2034 |    3476 |  63.1 |      20 |      14 |  41.2
       D:11 |    4156 |       0 |   0.0 |      48 |       0 |   0.0
     Bailey |       0 |     867 | 100.0 |       0 |      34 | 100.0
            +---------+---------+-------+---------+---------+-------
